 Dungeon Crawl Stone Soup version 0.31-a0-564-g3b7de120b3 (webtiles) character file.

Game seed: 16707855411752758125

4737 nono the Covert (level 10, -4/53 HPs)
             Began as a Vine Stalker Delver on Aug 17, 2023.
             Was a High Priest of Okawaru.
             Slain by a six-headed hydra (11 damage)
             ... on level 8 of the Dungeon.
             The game lasted 00:20:54 (6453 turns).

nono the Covert (Vine Stalker Delver)               Turns: 6453, Time: 00:20:55

Health: -4/53      AC: 13    Str: 20    XL:     10   Next: 46%
Magic:  0/15       EV:  9    Int: 10    God:    Okawaru [*****.]
Gold:   426        SH:  0    Dex: 15    Spells: 9/9 levels left

rFire   + . .        y - +1 eveningstar (flame)
rCold   . . .        (no shield)
rNeg    . . .        E - +0 chain mail
rPois   +            (no helmet)
rElec   .            j - +1 cloak
rCorr   .            F - +0 pair of gloves
SInv    .            (no boots)
Will    +....        N - amulet of faith
Stlth   ++           v - ring of protection from fire
HPRegen 1.08/turn    D - ring of poison resistance
MPRegen 0.14/turn

%: guardian spirit, faith
@: no status effects
A: fangs 3, regeneration 1, magic shield, antimagic bite, no potion heal 2
a: Renounce Religion, Heroism, Finesse, Duel


You were on level 8 of the Dungeon.
You worshipped Okawaru.
Okawaru was extremely pleased with you.
You visited 2 branches of the dungeon, and saw 9 of its levels.
You also visited: Sewer and Ossuary.

You collected 426 gold pieces.

Inventory:

Hand Weapons
 a - a +0 mace
 k - a +0 whip
 l - a +0 short sword of venom
 t - a +0 whip of electrocution
 y - a +1 eveningstar of flaming (weapon)
Armour
 b - a +0 leather armour
 i - a +1 leather armour of cold resistance
 j - a +1 cloak (worn)
 o - a +0 troll leather armour {Pargi}
 E - a +0 chain mail (worn)
 F - a +0 pair of gloves (worn)
Jewellery
 v - a ring of protection from fire (left hand)
 D - a ring of poison resistance (right hand)
 M - a +6 ring of dexterity
 N - an amulet of faith (around neck)
 P - a ring of wizardry
 S - a ring of protection from cold
 T - the amulet of Xinys {RegenMP rPois}
   (You found it on level 6 of the Dungeon)

   [amulet of magic regeneration]

   RegenMP:   It increases your rate of magic regeneration.
   rPois:     It protects you from poison
Wands
 g - a wand of digging (3)
 p - a wand of polymorph (8)
 u - a wand of iceblast (5)
 L - a wand of paralysis (10)
Scrolls
 c - a scroll of fog
 d - 2 scrolls of revelation
 h - 5 scrolls of noise {unknown}
 q - a scroll of immolation
 r - 3 scrolls of enchant armour {unknown}
 s - a scroll of butterflies
 x - 4 scrolls of teleportation {unknown}
 B - a scroll of enchant weapon
 G - 2 scrolls of amnesia {unknown}
 O - a scroll of blinking
Potions
 f - 3 potions of haste
 m - 2 potions of magic {unknown}
 n - 3 potions of degeneration {unknown}
 w - a potion of brilliance
 z - a potion of enlightenment {unknown}
 A - a potion of invisibility
 C - 3 potions of might {unknown}
 H - 2 potions of heal wounds {unknown}
 I - 2 potions of attraction {unknown}
 J - 4 potions of mutation {unknown}
 K - a potion of lignification
 Q - 2 potions of curing {unknown}
 R - a potion of berserk rage {unknown}


   Skills:
 + Level 6.9 Fighting
 - Level 1.1 Short Blades
 + Level 6.5 Maces & Flails
 + Level 5.6 Armour
 - Level 1.6 Dodging
 + Level 10.8 Stealth
 + Level 5.5 Invocations


You had 9 spell levels left.
You didn't know any spells.
Your spell library contained the following spells:

 Spells                   Type           Power      Damage    Failure   Level
 Shock                    Conj/Air       0%         1d3       95%         1
 Blink                    Tloc           0%         N/A       98%         2
 Swiftness                Air            0%         N/A       100%        3
 Airstrike                Air            0%         2d(0-16)  100%        4
 Manifold Assault         Tloc           0%         N/A       100%        4
 Ozocubu's Refrigeration  Ice            0%         4d7       100%        7
 Polar Vortex             Ice            0%         N/A       100%        9
 Simulacrum               Ice/Necr       Unusable   N/A       N/A         6

Dungeon Overview and Level Annotations

Branches:
Dungeon (8/15)             Temple (1/1) D:4           Sewer (visited)
Ossuary (visited)
   Lair: D:8-11

Altars:
Ashenzari
Cheibriados
Dithmenos
Elyvilon
Fedhas
Gozag
Hepliaklqana
Kikubaaqudgha
Makhleb
Nemelex Xobeh
Okawaru
Qazlal
Ru
Trog
Uskayaw
Vehumet
Xom
Yredelemnul
The Shining One

Annotations:
D:4 1 exclusion, Blork the orc


Innate Abilities, Weirdness & Mutations

You have razor-sharp teeth.
Your natural rate of healing is unusually fast.
When hurt, damage is shared between your health and your magic reserves.
Your bite disrupts and absorbs the magic of your enemies.
Potions cannot restore your health.


Message History

HP restored.
You climb downwards.
There is a stone staircase leading up here.
A six-headed hydra is nearby!
You impale the six-headed hydra!! You burn the six-headed hydra.
Your bite misses the six-headed hydra.
The six-headed hydra is moderately wounded.
The six-headed hydra bites you but does no damage.
The six-headed hydra closely misses you.
The six-headed hydra bites you. x3; The six-headed hydra bites you!
The six-headed hydra bites you but does no damage.
The six-headed hydra bites you. x2
The six-headed hydra bites you but does no damage.
The six-headed hydra bites you!
The six-headed hydra bites you but does no damage.
You impale the six-headed hydra!! You burn the six-headed hydra!
The six-headed hydra is severely wounded.
The six-headed hydra bites you!
* * * LOW HITPOINT WARNING * * *
The six-headed hydra bites you but does no damage. x3
The six-headed hydra bites you!
* * * LOW HITPOINT WARNING * * *
The six-headed hydra bites you but does no damage.
Okay, then.
As you read the scroll of fear, it crumbles to dust.
You assume a fearsome visage.
The six-headed hydra looks frightened!
Aiming: Iceblast
Press: ? - help, Shift-Dir - straight line, f - six-headed hydra
Aim: a six-headed hydra (severely wounded, fleeing)
The mass of ice explodes!
The iceblast engulfs the six-headed hydra!
The six-headed hydra is severely wounded.
Your attack snaps the six-headed hydra out of its fear.
You hear a shout!
The six-headed hydra attacks as you move away!
The six-headed hydra bites you but does no damage.
The six-headed hydra bites you.
* * * LOW HITPOINT WARNING * * *
The six-headed hydra bites you!
You die...

......##......# .......##.....
.......#........#.............
....#.....##...##.............
.#..............#............
.#...#.........##...........###
.....#...#...............####P.
.........# #..........P[.P#...T
......#..###...D...###.......P~
......#..##....#@..###....P.♣P~
##.#...)......##.....P....#.#
#^#.>))................P####
#8#...........<............##
#^#...............<.........#
#.#.#..#...#.#..#..#.###....####
#...###....#.#.##..............#
##### ##.#..........#...##.....#
###...#.###.###..##.....#


You could see a six-headed hydra.

Vanquished Creatures
  A two-headed ogre (D:6)
  Maurice (D:8)
  Psyche (D:8)
  A troll (D:8)
  2 steam dragons
  An acid dragon (D:8)
  Pargi (Sewer)
  2 orc warriors
  2 black bears (D:6)
  An ice beast (D:6)
  3 ogres
  A centaur (D:7)
  3 phantoms
  3 bullfrogs
  2 gnoll sergeants (D:6)
  5 scorpions
  5 wights (D:8)
  2 howler monkeys
  2 hounds
  Crazy Yiuf (D:2)
  3 orc priests
  2 gnoll boudas
  Jessica (D:2)
  Natasha (D:3)
  3 orc wizards
  4 iguanas
  3 mummies (Ossuary)
  13 gnolls
  14 adders
  A river rat (D:4)
  A shadow imp (D:6)
  3 white imps
  2 ufetubi (D:6)
  4 adder zombies (Ossuary)
  2 dart slugs
  A worm (D:2)
  18 orcs
  8 endoplasms
  3 giant cockroaches
  A gnoll zombie (Ossuary)
  4 goblins
  4 hobgoblins
  3 jackals
  8 kobolds
  7 quokkas
  12 ball pythons
  3 bats
  5 frilled lizards
  A goblin zombie (Ossuary)
  3 hobgoblin zombies (Ossuary)
  3 kobold zombies (Ossuary)
  An orc zombie (Ossuary)
  4 quokka zombies (Ossuary)
  6 rats
  A rat zombie (Ossuary)
193 creatures vanquished.

Notes
Turn   | Place    | Note
-------+----------+-------------------------------------------
     0 | D:5      | nono the Vine Stalker Delver began the quest for the Orb.
     0 | D:5      | Reached XP level 1. HP: 11/11 MP: 2/2
    67 | D:4      | Reached XP level 2. HP: 10/16 MP: 3/3
   106 | D:4      | Noticed a steam dragon
   176 | D:4      | Reached XP level 3. HP: 17/20 MP: 1/4
   218 | D:4      | Reached skill level 1 in Armour
   261 | D:4      | Found a glowing drain.
   265 | Sewer    | Entered a sewer
   433 | Sewer    | Noticed Pargi
   445 | Sewer    | Killed Pargi
   446 | Sewer    | Reached skill level 1 in Short Blades
   446 | Sewer    | Gained mutation: Your natural rate of healing is unusually
                  | fast. [Vine Stalker growth]
   446 | Sewer    | Reached XP level 4. HP: 11/24 MP: 2/5
   446 | Sewer    | Reached XP level 5. HP: 12/28 MP: 2/6
  1330 | D:2      | Noticed Jessica
  1339 | D:2      | Killed Jessica
  1340 | D:2      | Reached skill level 7 in Stealth
  1340 | D:2      | Reached XP level 6. HP: 33/33 MP: 7/7
  1590 | D:2      | Found a runed translucent door.
  1591 | D:2      | Noticed Crazy Yiuf
  1769 | D:2      | Killed Crazy Yiuf
  2208 | D:3      | Found a faded altar of an unknown god.
  2252 | D:3      | Noticed Natasha
  2255 | D:3      | Killed Natasha
  2344 | D:3      | Found a radiant altar of Vehumet.
  2351 | D:3      | Found a stormy altar of Qazlal.
  2480 | D:4      | Found a staircase to the Ecumenical Temple.
  2491 | Temple   | Entered the Ecumenical Temple
  2509 | Temple   | Became a worshipper of Warmaster Okawaru
  2565 | D:4      | Killed a steam dragon
  2566 | D:4      | Reached XP level 7. HP: 26/37 MP: 6/8
  2702 | D:4      | Reached * piety under Okawaru
  2900 | D:4      | Found a hazy altar of Hepliaklqana.
  3058 | D:4      | Noticed Blork the orc
  3402 | D:5      | Reached skill level 8 in Stealth
  3437 | D:5      | Reached skill level 1 in Invocations
  3512 | D:5      | Gained mutation: You have razor-sharp teeth. [Vine Stalker
                  | growth]
  3512 | D:5      | Reached XP level 8. HP: 39/42 MP: 7/10
  3577 | D:5      | Found an opulent altar of Gozag.
  4033 | D:6      | Reached skill level 5 in Fighting
  4034 | D:6      | Reached ** piety under Okawaru
  4210 | D:6      | Noticed a two-headed ogre
  4222 | D:6      | Reached skill level 9 in Stealth
  4238 | D:6      | Killed a two-headed ogre
  4238 | D:6      | Reached *** piety under Okawaru
  4239 | D:6      | Reached skill level 5 in Maces & Flails
  4239 | D:6      | Reached XP level 9. HP: 40/48 MP: 12/12
  4284 | D:6      | Identified the amulet of Xinys {RegenMP rPois}
  5008 | D:7      | Found a broken altar of Ashenzari.
  5090 | D:7      | Found a sparkling altar of Nemelex Xobeh.
  5144 | D:7      | Found a sand-covered staircase.
  5149 | Ossuary  | Entered an ossuary
  5162 | Ossuary  | Reached skill level 10 in Stealth
  5310 | D:7      | Identified a scroll of acquirement
  5311 | D:7      | Acquired a +1 eveningstar of flaming
  5396 | D:7      | Reached **** piety under Okawaru
  5397 | D:7      | Reached skill level 5 in Armour
  5727 | D:7      | Found a snail-covered altar of Cheibriados.
  5977 | D:8      | Noticed Maurice
  5978 | D:8      | Paralysed by Maurice for 3 turns
  5995 | D:8      | Killed Maurice
  5996 | D:8      | Reached skill level 5 in Invocations
  5996 | D:8      | Reached XP level 10. HP: 48/53 MP: 12/14
  6025 | D:8      | Noticed Psyche
  6047 | D:8      | Killed Psyche
  6116 | D:8      | Found a white marble altar of Elyvilon.
  6223 | D:8      | Found a shadowy altar of Dithmenos.
  6247 | D:8      | Reached ***** piety under Okawaru
  6384 | D:8      | Noticed a six-headed hydra
  6453 | D:8      | Slain by a six-headed hydra

Illustrated notes

Levels and vault maps discovered:
D:1:      saegor_arrival_simple_d, layout_rooms, minmay_misc_feat_room,
          minivault_25
D:2:      layout_rooms, amcnicky_mini_rare_corridor_liquid,
          kennysheep_generic_room_9, uniq_jessica, uniq_crazy_yiuf_cottage
D:3:      layout_loops_cross, amethyst_overflow_temple_binary,
          nicolae_ecumenical_snake_handling, uniq_natasha
D:4:      layout_loops_ring, tgw_sif, mainiacjoe_overflow_tiny_flanked,
          minmay_temple_entry_hall, gup_sewer_entry_spiral
D:5:      layout_gridville, grunt_gozag_statues
D:6:      layout_loops_cross, minmay_alternating_orb
D:7:      layout_basic, nicolae_ashenzari_skybound, nemelex_spade_bored_becter,
          nicolae_overflow_crystal_walls, nicolae_ossuary_entry_false_entrances
D:8:      layout_cave_pools, elyvilon_altar_3, grunt_dithmenos_smoke,
          minmay_misc_feat_iff, ebering_dispersal_statue_hall,
          hellmonk_guarded_unrand_vines, uniq_maurice, uniq_psyche
Temple:   eino_temple_lava

Skill      XL: |  1  2  3  4  5  6  7  8  9 |
---------------+----------------------------+-----
Maces & Flails | 2 3 4 5 6 |  6.5
Fighting       | 3 4 5 6 |  6.9
Armour         | 1 2 3 4 5 |  5.6
Short Blades   | 1 |  1.1
Stealth        | 7 8 9 10 | 10.8
Invocations    | 1 3 5 |  5.5
Dodging        | |  1.6

Action                     |  1- 3 |  4- 6 |  7- 9 | 10-12 || total
---------------------------+-------+-------+-------+-------++-------
  Melee: Mace              |    38 |       |       |       ||    38
         Bite              |     9 |    36 |   115 |    17 ||   177
         Punch             |     1 |       |     2 |     3 ||     6
         Short sword       |    16 |    23 |     3 |       ||    42
         Whip              |       |   113 |   313 |       ||   426
         Eveningstar       |       |       |    52 |    64 ||   116
 Invoke: Heroism           |       |       |     5 |     2 ||     7
  Evoke: Wand              |       |       |       |     1 ||     1
    Use: Potion            |       |       |     1 |       ||     1
         Scroll            |       |       |     9 |     2 ||    11
   Stab: Sleeping          |     8 |    19 |     2 |       ||    29
 Armour: Leather armour    |    28 |       |       |       ||    28
         Troll leather arm |       |    42 |     2 |       ||    44
         Chain mail        |       |       |   174 |    54 ||   228
  Dodge: Dodged            |    35 |    75 |   141 |    30 ||   281

Table legend: (Time is in decaauts)
 A = Elapsed time spent in this place.
 B = Non-inter-level travel time spent in this place.
 C = Inter-level travel time spent in this place.
 D = Time resting spent in this place.
 E = Time spent auto-exploring this place.
 F = Levels seen in this place.
 G = Mean time per level.
                   A        B        C        D        E       F      G
               +--------+--------+--------+--------+--------+-----+--------+
         Total |   6430 |   6203 |    227 |    107 |   4076 |  11 |  584.5 |
       Dungeon |   6049 |   5822 |    227 |    107 |   4004 |   8 |  756.1 |
        Temple |     26 |     26 |      0 |      0 |      0 |   1 |   26.0 |
         Sewer |    208 |    208 |      0 |      0 |      9 |   1 |  208.0 |
       Ossuary |    145 |    145 |      0 |      0 |     63 |   1 |  145.0 |
               +--------+--------+--------+--------+--------+-----+--------+

Top non-repeatable levels by time:
     D:4: 1011 daAuts
     D:7: 934 daAuts
     D:5: 917 daAuts
     D:6: 823 daAuts
     D:2: 666 daAuts
     D:3: 665 daAuts
     D:1: 568 daAuts
     D:8: 462 daAuts
   Sewer: 208 daAuts
 Ossuary: 145 daAuts
  Temple: 26 daAuts
